[Event "African Games-chT 2019"]
[Site "Casablanca"]
[Date "2019.08.25"]
[Round "8.12"]
[White "Ofowino, Toritsemuwa"]
[Black "Wakuruwarewa, Colletta"]
[Result "1-0"]
[ECO "A45"]
[WhiteElo "1877"]
[BlackElo "1587"]
[Annotator "NA"]
[PlyCount "143"]
[EventDate "2019.08.24"]
[EventType "team-tourn"]
[EventCountry "MAR"]
[SourceTitle "playchess.com"]
[Source "ChessBase"]
[SourceQuality "1"]
[WhiteTeam "Nigeria"]
[BlackTeam "Zimbabwe"]
[WhiteTeamCountry "NGR"]
[BlackTeamCountry "ZIM"]
[TimeControl "900+10"]

1. d4 Nf6 2. Bf4 e6 3. Nf3 Be7 4. e3 d5 5. Bd3 O-O 6. Nbd2 c5 7. c3 Nbd7 8. h3 h6 9. Qe2 Re8 10. O-O Nf8 11. Ne5 c4 12. Bc2 Bd6 13. e4 b5 14. Nxf7 Kxf7 15. Bxd6 dxe4 16. Bxf8 Kxf8 17. Nxe4 Bb7 18. Nc5 Bd5 19. Qe5 Nd7 20. Nxd7+ Qxd7 21. Bg6 Re7 22. Rae1 Qb7 23. Be4 Rae8 24. Re3 Bxe4 25. Rxe4 Qd5 26. Rfe1 a5 27. Qf4+ Rf7 28. Qe3 Rfe7 29. Re5 Qc6 30. Rc5 Qb7 31. Qe5 b4 32. Rxc4 bxc3 33. bxc3 Qd5 34. Qxd5 exd5 35. Rxe7 Rxe7 36. Rc8+ Kf7 37. Kf1 Rb7 38. Rc5 Rb1+ 39. Ke2 Rb2+ 40. Ke3 Rxa2 41. Rxd5 Ke6 42. Re5+ Kf6 43. Re4 a4 44. Re8 Kf7 45. Ra8 a3 46. Ra6 Ra1 47. Kd3 a2 48. Kc4 Ke7 49. Kc5 Kd7 50. c4 g5 51. Ra7+ Kc8 52. Kc6 Kb8 53. Ra4 h5 54. d5 Rc1 55. Rxa2 Rxc4+ 56. Kd6 g4 57. hxg4 Rxg4 58. g3 h4 59. gxh4 Rxh4 60. Re2 Rh2 61. Kc6 Rh1 62. Re8+ Ka7 63. Kd7 Rh7+ 64. Re7 Rh2 65. Rf7 Rh1 66. d6 Kb6 67. f4 Rd1 68. Rf6 Rd4 69. f5 Kc5 70. Ke7 Re4+ 71. Re6 Rf4 72. f6 1-0

[Event "African Games-chT 2019"]
[Site "Casablanca"]
[Date "2019.08.25"]
[Round "8.13"]
[White "Beukes, Dante M"]
[Black "Mwale, Joseph"]
[Result "0-1"]
[ECO "C47"]
[WhiteElo "2130"]
[BlackElo "2231"]
[Annotator "NA"]
[PlyCount "88"]
[EventDate "2019.08.24"]
[EventType "team-tourn"]
[EventCountry "MAR"]
[SourceTitle "playchess.com"]
[Source "ChessBase"]
[SourceQuality "1"]
[WhiteTeam "Namibia"]
[BlackTeam "MAW"]
[WhiteTeamCountry "NAM"]
[TimeControl "900+10"]

1. e4 e5 2. Nf3 Nc6 3. Nc3 Nf6 4. d4 exd4 5. Nxd4 Bb4 6. Nxc6 bxc6 7. Bd3 d5 8. exd5 cxd5 9. O-O O-O 10. h3 c6 11. Qf3 Bd6 12. Bf4 Rb8 13. b3 Rb4 14. Bxd6 Qxd6 15. Qg3 Qxg3 16. fxg3 Be6 17. a3 Rbb8 18. Na4 Nd7 19. b4 g6 20. Rac1 Rfc8 21. Ba6 Rd8 22. Rfd1 Kg7 23. Kf2 Nf6 24. Bd3 Rbc8 25. Ke3 d4+ 26. Kf2 Nd5 27. c3 Ne3 28. Re1 Bc4 29. cxd4 Rxd4 30. Rxe3 Bxd3 31. Nc5 Bb5 32. Re7 Rd2+ 33. Kf3 Kf8 34. Rce1 Ra2 35. R1e3 Bc4 36. Rxa7 Bd5+ 37. Kg4 Kg7 38. Ne6+ Kf6 39. Nf4 h5+ 40. Nxh5+ gxh5+ 41. Kxh5 Rxg2 42. Kg4 Rf2 43. h4 Be6+ 44. Rxe6+ fxe6 0-1

[Event "African Games-chT 2019"]
[Site "Casablanca"]
[Date "2019.08.25"]
[Round "8.14"]
[White "Mphungu, Gerrard"]
[Black "Eichab, Charles"]
[Result "1-0"]
[ECO "E32"]
[WhiteElo "2107"]
[BlackElo "2016"]
[Annotator "NA"]
[PlyCount "63"]
[EventDate "2019.08.24"]
[EventType "team-tourn"]
[EventCountry "MAR"]
[SourceTitle "playchess.com"]
[Source "ChessBase"]
[SourceQuality "1"]
[WhiteTeam "MAW"]
[BlackTeam "Namibia"]
[BlackTeamCountry "NAM"]
[TimeControl "900+10"]

1. d4 Nf6 2. c4 e6 3. Nc3 Bb4 4. Qc2 Bxc3+ 5. Qxc3 b6 6. Qg3 O-O 7. Bh6 Ne8 8. Bg5 f6 9. Bd2 d5 10. e3 Ba6 11. b3 Nd6 12. Qh3 Qe7 13. Bd3 f5 14. Rc1 Nd7 15. Ne2 e5 16. Bb4 c5 17. dxc5 bxc5 18. Ba3 e4 19. Bc2 dxc4 20. bxc4 Bxc4 21. Bb3 Bxb3 22. axb3 Ne5 23. O-O Nd3 24. Rcd1 Nb5 25. Bc1 Qe6 26. Nf4 Qxb3 27. Nxd3 exd3 28. Bd2 Nc3 29. Bxc3 Qxc3 30. Qf3 Qc4 31. Rc1 Qe4 32. Rxc5 1-0

[Event "African Games-chT 2019"]
[Site "Casablanca"]
[Date "2019.08.25"]
[Round "8.15"]
[White "Tjaronda, Nicola"]
[Black "Nkhoma, Desiderata"]
[Result "1-0"]
[ECO "A20"]
[WhiteElo "1545"]
[BlackElo "1481"]
[Annotator "NA"]
[PlyCount "127"]
[EventDate "2019.08.24"]
[EventType "team-tourn"]
[EventCountry "MAR"]
[SourceTitle "playchess.com"]
[Source "ChessBase"]
[SourceQuality "1"]
[WhiteTeam "Namibia"]
[BlackTeam "MAW"]
[WhiteTeamCountry "NAM"]
[TimeControl "900+10"]

1. c4 e5 2. g3 Nf6 3. Bg2 Be7 4. d3 O-O 5. Nc3 c6 6. Nf3 d6 7. O-O Be6 8. b3 Qd7 9. Ng5 Bf5 10. Nge4 Bh3 11. Bg5 Bxg2 12. Kxg2 Nxe4 13. Nxe4 Bxg5 14. Nxg5 Qf5 15. Ne4 Nd7 16. Nxd6 Qe6 17. Nxb7 Nf6 18. Nc5 Qd6 19. Ne4 Nxe4 20. dxe4 Qf6 21. Qc2 h5 22. h4 Rad8 23. Rad1 g5 24. hxg5 Qxg5 25. Qc1 Qg6 26. Qe3 Kg7 27. Rxd8 Rxd8 28. Rh1 Rh8 29. Kf1 a6 30. f4 exf4 31. gxf4 Qd6 32. Kf2 Kf8 33. e5 Qe6 34. Qd2 Qe7 35. Qd6 Qxd6 36. exd6 Ke8 37. e4 Kd7 38. e5 h4 39. Rh3 f6 40. Ke3 fxe5 41. fxe5 Ke6 42. Ke4 Rh7 43. b4 Rh5 44. Kd4 Rh7 45. a4 Rh8 46. b5 cxb5 47. cxb5 axb5 48. axb5 Rb8 49. Rxh4 Rxb5 50. Rh6+ Kd7 51. Ke4 Ra5 52. Kf5 Ra1 53. Rh7+ Kd8 54. Ke6 Kc8 55. Rh8+ Kb7 56. d7 Ra6+ 57. Ke7 Ra7 58. d8=Q Ka6+ 59. Ke6 Rb7 60. Kf5 Ka7 61. Qa8+ Kb6 62. Rh6+ Kc7 63. Rh7+ Kb6 64. Qxb7+ 1-0

[Event "African Games-chT 2019"]
[Site "Casablanca"]
[Date "2019.08.25"]
[Round "8.16"]
[White "Msukwa, Tupokiwe"]
[Black "Mentile, Lishen"]
[Result "1-0"]
[ECO "D10"]
[WhiteElo "1289"]
[BlackElo "1513"]
[Annotator "NA"]
[PlyCount "139"]
[EventDate "2019.08.24"]
[EventType "team-tourn"]
[EventCountry "MAR"]
[SourceTitle "playchess.com"]
[Source "ChessBase"]
[SourceQuality "1"]
[WhiteTeam "MAW"]
[BlackTeam "Namibia"]
[BlackTeamCountry "NAM"]
[TimeControl "900+10"]

1. d4 d5 2. c4 c6 3. e3 Nf6 4. Nc3 Bf5 5. Nf3 Nbd7 6. a3 h6 7. c5 Qc7 8. h3 e6 9. b4 a5 10. Bb2 b6 11. Bd3 Bxd3 12. Qxd3 Be7 13. O-O O-O 14. e4 dxe4 15. Nxe4 Nxe4 16. Qxe4 Nf6 17. Qe5 Qb7 18. Bc3 bxc5 19. bxc5 Qd7 20. Rab1 Nd5 21. Bd2 Nf6 22. Rfe1 Qd5 23. Qxd5 Nxd5 24. Rb7 Bf6 25. Reb1 Ra6 26. Rb8 Rxb8 27. Rxb8+ Kh7 28. Rc8 Ne7 29. Rc7 Kg6 30. Ne5+ Bxe5 31. dxe5 Nd5 32. Rb7 f6 33. exf6 Kxf6 34. Bc1 h5 35. Bb2+ e5 36. f3 g6 37. Kf2 Ke6 38. Rg7 Nf4 39. Rb7 Nd5 40. Rg7 Nf4 41. Rb7 Nd5 42. Rg7 Kf6 43. Rg8 Kf7 44. Rc8 Ke6 45. Bc1 Kd7 46. Rg8 Nf4 47. Bxf4 exf4 48. Rxg6 Ra7 49. Rf6 Ke8 50. Rxf4 Rd7 51. Rf6 Rd3 52. Rxc6 Rxa3 53. Ra6 Kd7 54. c6+ Kc7 55. f4 h4 56. f5 Ra2+ 57. Kf3 Ra3+ 58. Kg4 Rg3+ 59. Kxh4 Rxg2 60. f6 Rf2 61. f7 a4 62. Rxa4 Kxc6 63. Ra7 Kd6 64. Kg5 Ke6 65. Kg6 Rg2+ 66. Kh7 Rf2 67. Kg8 Rg2+ 68. Kf8 Rg3 69. Re7+ Kf6 70. Ke8 1-0

[Event "African Games-chT 2019"]
[Site "Casablanca"]
[Date "2019.08.25"]
[Round "8.17"]
[White "Aderito, Pedro"]
[Black "Hamdouchi, Hicham"]
[Result "1/2-1/2"]
[ECO "B30"]
[WhiteElo "2301"]
[BlackElo "2562"]
[Annotator "ChessBase"]
[PlyCount "140"]
[EventDate "2019.08.24"]
[EventType "team-tourn"]
[EventCountry "MAR"]
[SourceTitle "playchess.com"]
[Source "ChessBase"]
[SourceQuality "1"]
[WhiteTeam "Angola"]
[BlackTeam "Morocco"]
[WhiteTeamCountry "ANG"]
[BlackTeamCountry "MAR"]
[TimeControl "900+10"]

1. e4 c5 2. Nf3 Nc6 3. Nc3 g6 4. Bb5 Bg7 5. Bxc6 dxc6 6. O-O e5 7. d3 Qe7 8. Re1 Nf6 9. a3 a5 10. b3 Nd7 11. Be3 b6 12. Qd2 O-O 13. h3 Re8 14. Nh2 Nf8 15. Na4 Rb8 16. b4 axb4 17. axb4 Ne6 18. bxc5 b5 19. Qb4 f5 20. exf5 gxf5 21. Nc3 Kh8 22. Ne2 Bf6 23. Kh1 Rg8 24. Ra3 Rb7 25. f4 Qg7 26. Rg1 exf4 27. Nxf4 Nxf4 28. Bxf4 Be6 29. d4 Bxd4 30. Rg3 Qf6 31. Nf3 Bc3 32. Rxg8+ Kxg8 33. Qa3 Rd7 34. Qa8+ Rd8 35. Qxc6 Bd5 36. Qxb5 Qe6 37. Ng5 Qh6 38. Qb6 Bf6 39. c4 Bxg5 40. Qxh6 Bxh6 41. Bxh6 Be4 42. Bg5 Rd3 43. Kh2 Rc3 44. Rc1 Ra3 45. Bf4 Ra2 46. Rg1 Rc2 47. Kg3 Kf7 48. Bd6 Ke6 49. h4 h5 50. Bf8 Ke5 51. Bg7+ Ke6 52. Bf8 Rxc4 53. Rf1 Rc3+ 54. Kf4 Bxg2 55. Rb1 Kf7 56. Rb8 Be4 57. Bd6 Ke6 58. Re8+ Kd5 59. Rh8 Bf3 60. Kxf5 Bg4+ 61. Kg5 Rc4 62. Rxh5 Bxh5 63. Kxh5 Ke6 64. Kg5 Kf7 65. h5 Rd4 66. Kf5 Rd5+ 67. Kg4 Kg7 68. Be7 Kf7 69. Bd6 Kg7 70. Be7 Kf7 1/2-1/2

[Event "African Games-chT 2019"]
[Site "Casablanca"]
[Date "2019.08.25"]
[Round "8.18"]
[White "Tissir, Mohamed"]
[Black "Silva, David"]
[Result "0-1"]
[ECO "B08"]
[WhiteElo "2379"]
[BlackElo "2239"]
[Annotator "ChessBase"]
[PlyCount "70"]
[EventDate "2019.08.24"]
[EventType "team-tourn"]
[EventCountry "MAR"]
[SourceTitle "playchess.com"]
[Source "ChessBase"]
[SourceQuality "1"]
[WhiteTeam "Morocco"]
[BlackTeam "Angola"]
[WhiteTeamCountry "MAR"]
[BlackTeamCountry "ANG"]
[TimeControl "900+10"]

1. d4 Nf6 2. Nf3 g6 3. Nc3 Bg7 4. e4 d6 5. Be3 c6 6. Bd3 O-O 7. h3 b5 8. Ne2 Nbd7 9. Ng3 e5 10. c3 a6 11. O-O Bb7 12. Qd2 Qe7 13. Rae1 c5 14. d5 c4 15. Bc2 Ne8 16. h4 Ndf6 17. Bg5 Qc7 18. h5 Ng4 19. h6 Bh8 20. Qd1 Bf6 21. Bxf6 Nexf6 22. Qd2 Bc8 23. Qg5 Kh8 24. Nh2 Qd8 25. Nf5 Nxh2 26. f4 Nfg4 27. Ne7 f6 28. Nxg6+ hxg6 29. Qxg6 Rg8 30. Qh5 Nxf1 31. Rxf1 Qe8 32. Qh4 Qg6 33. fxe5 dxe5 34. Rf3 Ra7 35. Rg3 Rh7 0-1

[Event "African Games-chT 2019"]
[Site "Casablanca"]
[Date "2019.08.25"]
[Round "8.19"]
[White "Caxita, Esperanca"]
[Black "Mayar ElIdrissi, Firdaous"]
[Result "0-1"]
[ECO "B21"]
[WhiteElo "1803"]
[BlackElo "1760"]
[Annotator "NA"]
[PlyCount "96"]
[EventDate "2019.08.24"]
[EventType "team-tourn"]
[EventCountry "MAR"]
[SourceTitle "playchess.com"]
[Source "ChessBase"]
[SourceQuality "1"]
[WhiteTeam "Angola"]
[BlackTeam "Morocco"]
[WhiteTeamCountry "ANG"]
[BlackTeamCountry "MAR"]
[TimeControl "900+10"]

1. e4 c5 2. f4 e6 3. Nf3 g6 4. d4 cxd4 5. Qxd4 Qf6 6. Nc3 Qxd4 7. Nxd4 a6 8. Be3 Bg7 9. O-O-O Ne7 10. h3 Nbc6 11. Na4 b5 12. Nb6 Rb8 13. Nxc8 Rxc8 14. Kb1 d5 15. e5 O-O 16. a4 Nxd4 17. Bxd4 bxa4 18. Bxa6 Ra8 19. Bb5 Ra5 20. Bd3 Rb8 21. Bc3 Rc5 22. Ka2 Nc6 23. Ka3 Bf8 24. Ka2 a3 25. Bd2 Rxb2+ 26. Ka1 Nd4 27. Rc1 Nxc2+ 28. Bxc2 Rcxc2 29. Rxc2 Rxc2 30. Rd1 h5 31. g4 hxg4 32. hxg4 Bc5 33. Bc1 a2 34. g5 Bb4 35. Bb2 Rf2 36. Rd4 Be1 37. Rd1 Ba5 38. Rd4 Bb6 39. Rb4 Be3 40. Kxa2 Bxf4 41. Kb3 Bxg5 42. Rb8+ Kg7 43. Ba3 Rf3+ 44. Ka4 Re3 45. Bf8+ Kh7 46. Bd6 Bf4 47. Rb7 Kg7 48. Bc5 Re4+ 0-1

[Event "African Games-chT 2019"]
[Site "Casablanca"]
[Date "2019.08.25"]
[Round "8.20"]
[White "Rania, Sbai"]
[Black "Pires, Luzia"]
[Result "1-0"]
[ECO "D45"]
[WhiteElo "1853"]
[BlackElo "1924"]
[Annotator "NA"]
[PlyCount "79"]
[EventDate "2019.08.24"]
[EventType "team-tourn"]
[EventCountry "MAR"]
[SourceTitle "playchess.com"]
[Source "ChessBase"]
[SourceQuality "1"]
[WhiteTeam "Morocco"]
[BlackTeam "Angola"]
[WhiteTeamCountry "MAR"]
[BlackTeamCountry "ANG"]
[TimeControl "900+10"]

1. d4 d5 2. c4 c6 3. Nc3 e6 4. Nf3 Nf6 5. e3 Bd6 6. Qc2 O-O 7. Bd3 h6 8. e4 dxe4 9. Nxe4 Nxe4 10. Bxe4 Bb4+ 11. Bd2 Bxd2+ 12. Qxd2 Nd7 13. O-O Nf6 14. Bc2 Qb6 15. Qc3 c5 16. dxc5 Qxc5 17. b4 Qc7 18. c5 Bd7 19. Ne5 Bb5 20. Rfe1 Nd5 21. Qb3 Rfd8 22. a4 Be8 23. Rac1 Qe7 24. Nc4 Qg5 25. Nd6 b6 26. Ne4 Qe7 27. Nd6 Qg5 28. Ne4 Qh5 29. Bd1 Qg6 30. c6 Rac8 31. b5 Nf4 32. Bf3 Nd3 33. Red1 Nxc1 34. Rxd8 Nxb3 35. Rxc8 f6 36. c7 Kh7 37. Rd8 f5 38. c8=Q fxe4 39. Rxe8 Qf6 40. Bxe4+ 1-0

[Event "African Games-chT 2019"]
[Site "Casablanca"]
[Date "2019.08.25"]
[Round "8.22"]
[White "Traore, Bakary"]
[Black "Khetho, Phemelo"]
[Result "0-1"]
[ECO "C42"]
[WhiteElo "2189"]
[BlackElo "2178"]
[Annotator "NA"]
[PlyCount "78"]
[EventDate "2019.08.24"]
[EventType "team-tourn"]
[EventCountry "MAR"]
[SourceTitle "playchess.com"]
[Source "ChessBase"]
[SourceQuality "1"]
[WhiteTeam "Mali"]
[BlackTeam "Botswana"]
[WhiteTeamCountry "MLI"]
[BlackTeamCountry "BOT"]
[TimeControl "900+10"]

1. e4 e5 2. Nf3 Nf6 3. Nxe5 d6 4. Nf3 Nxe4 5. d4 d5 6. Bd3 Be7 7. O-O O-O 8. c4 c6 9. Re1 Nf6 10. h3 h6 11. Nc3 Be6 12. c5 Nbd7 13. Bf4 Re8 14. b4 a6 15. a4 Bf8 16. Qc2 Nh5 17. Bh2 Qf6 18. Ne5 Nf4 19. Bf1 Qg5 20. Kh1 Bf5 21. Qd1 Nxe5 22. dxe5 a5 23. g4 Bg6 24. Qd2 Nxh3 25. Qxg5 Nxg5 26. f4 Be4+ 27. Bg2 Bxg2+ 28. Kxg2 Ne6 29. f5 Ng5 30. Rab1 axb4 31. Rxb4 Bxc5 32. Rxb7 Bd4 33. Rc1 Bxe5 34. Bxe5 Rxe5 35. Rc7 d4 36. Nd1 Rxa4 37. R7xc6 Re2+ 38. Kf1 Raa2 39. Rd6 Rh2 0-1

[Event "African Games-chT 2019"]
[Site "Casablanca"]
[Date "2019.08.25"]
[Round "8.29"]
[White "Marie, Patrick"]
[Black "Gohil, Mehul"]
[Result "0-1"]
[ECO "C00"]
[WhiteElo "1921"]
[BlackElo "2076"]
[Annotator "NA"]
[PlyCount "74"]
[EventDate "2019.08.24"]
[EventType "team-tourn"]
[EventCountry "MAR"]
[SourceTitle "playchess.com"]
[Source "ChessBase"]
[SourceQuality "1"]
[WhiteTeam "Mauritius"]
[BlackTeam "Kenya"]
[WhiteTeamCountry "MRI"]
[BlackTeamCountry "KEN"]
[TimeControl "900+10"]

1. e4 e6 2. b3 d5 3. Bb2 Nf6 4. Qe2 Nxe4 5. Nc3 Nxc3 6. Bxc3 d4 7. Bb2 c5 8. Nf3 Nc6 9. a3 Bd6 10. g3 O-O 11. Bg2 e5 12. d3 f5 13. Nd2 Bd7 14. O-O Qf6 15. Rae1 Rae8 16. Bc1 h6 17. Qf3 b5 18. Qd1 Kh8 19. Nb1 Re7 20. f4 Rfe8 21. Qf3 e4 22. dxe4 fxe4 23. Rxe4 Rxe4 24. Qd3 Re1 25. Qxb5 Rxf1+ 26. Qxf1 Nb8 27. Nd2 Bc6 28. Nc4 Bxg2 29. Kxg2 Bc7 30. Qf3 Qc6 31. Bd2 Qxf3+ 32. Kxf3 Nd7 33. Nb2 Nb6 34. Nd3 Bd6 35. Nf2 c4 36. b4 c3 37. Ne4 Rxe4 0-1

[Event "African Games-chT 2019"]
[Site "Casablanca"]
[Date "2019.08.25"]
[Round "8.30"]
[White "Sang, Ricky"]
[Black "Naipal, Hoolan"]
[Result "1/2-1/2"]
[ECO "A45"]
[WhiteElo "1971"]
[BlackElo "1785"]
[Annotator "NA"]
[PlyCount "91"]
[EventDate "2019.08.24"]
[EventType "team-tourn"]
[EventCountry "MAR"]
[SourceTitle "playchess.com"]
[Source "ChessBase"]
[SourceQuality "1"]
[WhiteTeam "Kenya"]
[BlackTeam "Mauritius"]
[WhiteTeamCountry "KEN"]
[BlackTeamCountry "MRI"]
[TimeControl "900+10"]

1. d4 Nf6 2. Bf4 g6 3. Nc3 Bg7 4. e4 d6 5. h3 O-O 6. Nf3 Re8 7. Bc4 Nfd7 8. Ng5 Rf8 9. O-O e5 10. dxe5 dxe5 11. Be3 h6 12. Nf3 Nb6 13. Bb3 c6 14. Qe2 Qe7 15. a4 Be6 16. a5 N6d7 17. Bc4 Bxc4 18. Qxc4 Na6 19. Rfd1 Rfd8 20. Rd2 Ndc5 21. Rad1 Rxd2 22. Rxd2 Ne6 23. Ne2 Nac7 24. c3 Kh7 25. Ng3 h5 26. h4 Ne8 27. Qb3 Nf6 28. Ng5+ Nxg5 29. Bxg5 Bh6 30. Bxh6 Kxh6 31. Qd1 Kg7 32. Rd6 Rc8 33. b4 Rc7 34. Qd2 Ne8 35. Rd8 a6 36. Nf1 c5 37. g3 cxb4 38. cxb4 Nf6 39. f3 Rd7 40. Rxd7 Qxd7 41. Qxd7 Nxd7 42. Ne3 b6 43. Nc4 bxa5 44. bxa5 f6 45. Kf2 Nc5 46. Ke1 1/2-1/2

[Event "African Games-chT 2019"]
[Site "Casablanca"]
[Date "2019.08.25"]
[Round "8.31"]
[White "Essoo, Uvika"]
[Black "Ndirangu, Joyce Nyaruai"]
[Result "1-0"]
[ECO "D02"]
[WhiteElo "1187"]
[BlackElo "1662"]
[Annotator "NA"]
[PlyCount "109"]
[EventDate "2019.08.24"]
[EventType "team-tourn"]
[EventCountry "MAR"]
[SourceTitle "playchess.com"]
[Source "ChessBase"]
[SourceQuality "1"]
[WhiteTeam "Mauritius"]
[BlackTeam "Kenya"]
[WhiteTeamCountry "MRI"]
[BlackTeamCountry "KEN"]
[TimeControl "900+10"]

1. d4 d5 2. Bf4 Nf6 3. Nf3 Bf5 4. e3 c5 5. c3 Nbd7 6. Bd3 Ne4 7. O-O Ndf6 8. Nbd2 e6 9. Ne5 Nxd2 10. Qxd2 Bd6 11. Rfe1 Ne4 12. Qc2 Bxe5 13. Bxe5 f6 14. Bf4 g5 15. Bg3 Nxg3 16. fxg3 Bxd3 17. Qxd3 Qd6 18. Rf1 O-O 19. Rf2 Rf7 20. Raf1 Raf8 21. e4 dxe4 22. Qxe4 f5 23. Qe5 Qxe5 24. dxe5 Kg7 25. Rd1 Kg6 26. Rd6 Re7 27. h4 g4 28. Rfd2 h5 29. Rd7 Rxd7 30. Rxd7 Rf7 31. Rd6 Re7 32. b4 Kf7 33. Kf2 Rc7 34. c4 Ke7 35. Ke3 Rd7 36. Rxd7+ Kxd7 37. b5 Kc7 38. a4 Kb8 39. a5 Kc7 40. Kf4 Kd7 41. Kg5 Ke7 42. Kxh5 Ke8 43. Kg6 Ke7 44. Kg7 a6 45. h5 axb5 46. h6 bxc4 47. h7 Kd7 48. h8=Q Kc6 49. Kf7 Kb5 50. Qc8 Kxa5 51. Qxb7 {[%emt 0:00:31] Kb4 Qb6+ Kc3 Qxc5 Kd3 Qd6+ Ke4 Qxe6} c3 52. Qc6 {[%emt 0:00:03] Kd3 e6} c2 {[%emt 0:00:00] e7 Kd2 e8=Q c1=Q Qxc1+ Kxc1 Qe1+ Kc2} 53. Kxe6 {[%emt 0:00:28] Kd3 Ke5} f4 54. gxf4 g3 {[%emt 0:00:03] Qxg3+ Ke2 Ke4 Kf1 Qe3 Kxg2 Qa3 Kf2} 55. f5 {[%emt 0:00:27] Kf3+} 1-0

[Event "African Games-chT 2019"]
[Site "Casablanca"]
[Date "2019.08.25"]
[Round "8.32"]
[White "Mongeli, Sasha"]
[Black "Beekhy, Aamirah"]
[Result "1-0"]
[ECO "B08"]
[WhiteElo "1527"]
[BlackElo "1373"]
[Annotator "NA"]
[PlyCount "54"]
[EventDate "2019.08.24"]
[EventType "team-tourn"]
[EventCountry "MAR"]
[SourceTitle "playchess.com"]
[Source "ChessBase"]
[SourceQuality "1"]
[WhiteTeam "Kenya"]
[BlackTeam "Mauritius"]
[WhiteTeamCountry "KEN"]
[BlackTeamCountry "MRI"]
[TimeControl "900+10"]

1. e4 d6 2. d4 Nf6 3. Nc3 g6 4. Nf3 Bg7 5. Bd3 O-O 6. h3 Re8 7. O-O Nbd7 8. Re1 c5 9. Be3 cxd4 10. Bxd4 Nc5 11. a3 Nxd3 12. cxd3 b6 13. b4 Bb7 14. Rc1 Rc8 15. Nh2 Nh5 16. Bxg7 Kxg7 17. Qd2 Kg8 18. Ng4 e5 19. Qe3 Nf6 20. Qf3 Nxg4 21. Qxg4 Qf6 22. Rc2 a6 23. Rec1 Qe6 24. Qxe6 Rxe6 25. Na4 Rxc2 26. Rxc2 d5 27. Rc7 Bc6 1-0

[Event "African Games-chT 2019"]
[Site "Casablanca"]
[Date "2019.08.25"]
[Round "8.33"]
[White "Amba, Oyon Marius Claude"]
[Black "Kourakoumba, Florent"]
[Result "1-0"]
[ECO "C00"]
[WhiteElo "1911"]
[BlackElo "1677"]
[Annotator "NA"]
[PlyCount "51"]
[EventDate "2019.08.24"]
[EventType "team-tourn"]
[EventCountry "MAR"]
[SourceTitle "playchess.com"]
[Source "ChessBase"]
[SourceQuality "1"]
[WhiteTeam "CMR"]
[BlackTeam "CAF"]
[TimeControl "900+10"]

1. e4 e6 2. d4 d6 3. Bd3 Be7 4. Ne2 Nf6 5. O-O O-O 6. Nd2 Nfd7 7. f4 f6 8. Nf3 Nc6 9. Kh1 e5 10. c3 a6 11. Ng3 Nb6 12. a4 a5 13. Bb5 Na7 14. fxe5 fxe5 15. dxe5 Bg4 16. exd6 Bxd6 17. Bg5 Bxf3 18. Qb3+ Kh8 19. Bxd8 Bxg2+ 20. Kxg2 Raxd8 21. Rxf8+ Rxf8 22. Rf1 Rg8 23. Nf5 Be5 24. Ne7 Rd8 25. Qf7 c6 26. Qf8+ 1-0

[Event "African Games-chT 2019"]
[Site "Casablanca"]
[Date "2019.08.25"]
[Round "8.34"]
[White "Koualet-Bebondi, Vianney Archeveq"]
[Black "Ebosse, Kingue Victor Patric"]
[Result "0-1"]
[ECO "B20"]
[WhiteElo "1679"]
[BlackElo "2055"]
[Annotator "NA"]
[PlyCount "68"]
[EventDate "2019.08.24"]
[EventType "team-tourn"]
[EventCountry "MAR"]
[SourceTitle "playchess.com"]
[Source "ChessBase"]
[SourceQuality "1"]
[WhiteTeam "CAF"]
[BlackTeam "CMR"]
[TimeControl "900+10"]

1. e4 c5 2. d3 d6 3. Nf3 Nf6 4. Be2 e6 5. O-O Be7 6. e5 dxe5 7. Nxe5 O-O 8. Bf4 Qd4 9. Qc1 Nd5 10. Bg3 f6 11. c3 Qa4 12. Nc4 e5 13. Bf3 Be6 14. b3 Qd7 15. Be4 Nc6 16. f4 exf4 17. Bxf4 b5 18. Ne3 Nxf4 19. Rxf4 f5 20. Bxc6 Qxc6 21. Qe1 Rae8 22. d4 Bg5 23. Rf3 f4 24. h4 Bd8 25. Qf2 fxe3 26. Rxf8+ Rxf8 27. Qxe3 Bxh4 28. Qe5 cxd4 29. cxd4 Qc1+ 30. Kh2 Qh6 31. g4 Rf2+ 32. Kh3 Bg3+ 33. Qh5 Qxh5+ 34. Kxg3 Qh2# 0-1

[Event "African Games-chT 2019"]
[Site "Casablanca"]
[Date "2019.08.25"]
[Round "8.37"]
[White "Asante Debesai Zerabruk"]
[Black "Rita, Jeorciley"]
[Result "0-1"]
[ECO "C42"]
[WhiteElo "1712"]
[BlackElo "1920"]
[Annotator "NA"]
[PlyCount "110"]
[EventDate "2019.08.24"]
[EventType "team-tourn"]
[EventCountry "MAR"]
[SourceTitle "playchess.com"]
[Source "ChessBase"]
[SourceQuality "1"]
[WhiteTeam "Eritrea"]
[BlackTeam "STP"]
[WhiteTeamCountry "ERI"]
[TimeControl "900+10"]

1. e4 e5 2. Nf3 Nf6 3. Nc3 Bb4 4. a3 Ba5 5. Bc4 O-O 6. d3 h6 7. O-O Nc6 8. b4 Bb6 9. Nd5 d6 10. h3 Be6 11. c3 Bxd5 12. Bxd5 Nxd5 13. exd5 Ne7 14. c4 a5 15. Be3 Bxe3 16. fxe3 Nf5 17. Qe1 axb4 18. e4 Ne7 19. axb4 f5 20. Qh4 Qd7 21. Qe1 Ng6 22. Rxa8 Rxa8 23. exf5 Qxf5 24. Nh4 Qxd3 25. Nxg6 Qxg6 26. Qf2 e4 27. Qf4 b6 28. Kh1 Re8 29. c5 bxc5 30. bxc5 e3 31. cxd6 cxd6 32. Re1 e2 33. Kg1 Re5 34. Qf3 Qe4 35. Qxe4 Rxe4 36. Kf2 Kf7 37. Rxe2 Rxe2+ 38. Kxe2 Kf6 39. Kd3 Ke5 40. Kc4 Ke4 41. h4 h5 42. Kc3 Kxd5 43. Kd3 Ke5 44. Ke3 d5 45. Kf3 d4 46. g3 g6 47. g4 hxg4+ 48. Kxg4 Ke4 49. Kg5 d3 50. Kxg6 d2 51. h5 d1=Q 52. h6 Qg4+ 53. Kf7 Qh5+ 54. Kg7 Qg5+ 55. Kh7 Ke5 0-1

[Event "African Games-chT 2019"]
[Site "Casablanca"]
[Date "2019.08.25"]
[Round "9.1"]
[White "Adly, Ahmed"]
[Black "Mwale, Joseph"]
[Result "1-0"]
[ECO "C24"]
[WhiteElo "2636"]
[BlackElo "2231"]
[Annotator "RC"]
[PlyCount "67"]
[EventDate "2019.08.24"]
[EventType "team-tourn"]
[EventCountry "MAR"]
[SourceTitle "playchess.com"]
[Source "ChessBase"]
[SourceQuality "1"]
[WhiteTeam "Egypt"]
[BlackTeam "MAW"]
[WhiteTeamCountry "EGY"]
[TimeControl "900+10"]

1. e4 e5 2. Bc4 Nf6 3. d3 Nc6 4. Nc3 Na5 5. Bb5 a6 6. Ba4 b5 7. Bb3 Nxb3 8. axb3 Bb4 9. Nf3 d5 10. O-O Bxc3 11. bxc3 dxe4 12. Nxe5 O-O 13. d4 Re8 14. f3 Bb7 15. Bg5 exf3 16. Nxf3 Re6 17. c4 bxc4 18. bxc4 h6 19. Bh4 Qe7 20. Ra5 Rd8 21. Rf5 Be4 22. Rf4 g5 23. Nxg5 hxg5 24. Bxg5 Rdd6 25. c5 Rc6 26. c4 Kg7 27. Qe1 Bg6 28. Bxf6+ Qxf6 29. Rxf6 Rxe1 30. Rxc6 Re2 31. Rxc7 a5 32. h3 a4 33. Ra7 Rd2 34. d5 1-0

[Event "African Games-chT 2019"]
[Site "Casablanca"]
[Date "2019.08.25"]
[Round "9.3"]
[White "Wafa, Shrook"]
[Black "Nkhoma, Desiderata"]
[Result "1-0"]
[ECO "C62"]
[WhiteElo "2183"]
[BlackElo "1481"]
[Annotator "NA"]
[PlyCount "49"]
[EventDate "2019.08.24"]
[EventType "team-tourn"]
[EventCountry "MAR"]
[SourceTitle "playchess.com"]
[Source "ChessBase"]
[SourceQuality "1"]
[WhiteTeam "Egypt"]
[BlackTeam "MAW"]
[WhiteTeamCountry "EGY"]
[TimeControl "900+10"]

1. e4 e5 2. Nf3 Nc6 3. Bb5 d6 4. O-O Be7 5. c3 Nf6 6. Re1 O-O 7. h3 Bd7 8. d4 Nxd4 9. Nxd4 exd4 10. Bxd7 Qxd7 11. cxd4 h6 12. Nc3 Nh7 13. Qh5 c6 14. Bf4 Rae8 15. Rad1 Bg5 16. Bg3 g6 17. Qf3 f5 18. Qd3 fxe4 19. Nxe4 Be7 20. Nxd6 Kg7 21. Nxe8+ Rxe8 22. Be5+ Nf6 23. Re3 Qe6 24. Rg3 Qf5 25. Qxf5 1-0